Cogmind - Beta 10.2 *** ADVENTURER MODE // 2020.12.12 @ 08:47:35 Player: Luigi Panache Result: Destroyed by D-53 Grenadier with Mini Grenade Launcher Performance ------------- Evolutions (0) 0 Regions Visited (2) 400 Robots Destroyed (18) 90 Value Destroyed (379) 379 Prototype IDs (0) 0 Alien Tech Used (0) 0 Bonus (0) 0 TOTAL SCORE: 869 Bonus ------- None Cogmind --------- Core Integrity 0/250 Matter 188/300 Energy 100/100 System Corruption 9% Temperature Cool (0) Movement Core (300) Ox5 Location -10/Mines Parts ------- > --- POWER (1) -------- (None) > --- PROPULSION (2) --- (None) > --- UTILITY (2) ------ Large Storage Unit > --- WEAPON (2) ------- (None) > --- INVENTORY (10) --- Light Nuclear Core Improved Heat Sink Large Storage Unit High-capacity Matter Pod (200) Light Assault Rifle Peak State ------------ > --- POWER ------------ Ion Engine > --- PROPULSION ------- Light Treads Light Treads > --- UTILITY ---------- Improved Heat Sink Large Storage Unit > --- WEAPON ----------- Medium Laser Medium Laser > --- INVENTORY -------- Light Ion Engine Light Treads Aluminum Leg Heat Sink Medium Storage Unit Large Storage Unit High-capacity Matter Pod Small Laser Small Laser Light Assault Rifle [Rating: 10] Favorites ----------- Power Ion Engine Engine Ion Engine Propulsion Light Treads Treads Light Treads Utility Large Storage Unit Device Improved Heat Sink Storage Large Storage Unit Weapon Medium Laser Energy Gun Medium Laser Ballistic Gun Assault Rifle Launcher Grenade Launcher Build | -11 -10 -10 ------- Run | Scr Mat Min Slots Evolved . | . . . Power . | . . . Propulsion . | . . . Utility . | . . . Weapon . | . . . Parts Attached 25 | 7 8 10 Power 2 | 1 1 . Engine 2 | 1 1 . Core . | . . . Reactor . | . . . Propulsion 4 | 2 1 1 Treads 4 | 2 1 1 Leg . | . . . Wheel . | . . . Hover . | . . . Flight . | . . . Utility 7 | 2 4 1 Device 4 | 1 2 1 Storage 3 | 1 2 . Processor . | . . . Hackware . | . . . Protection . | . . . Artifact . | . . . Weapon 12 | 2 2 8 Energy Gun 5 | 2 2 1 Energy Cannon . | . . . Ballistic Gun 4 | . . 4 Ballistic Cannon . | . . . Launcher 3 | . . 3 Special Weapon . | . . . Impact Weapon . | . . . Slashing Weapon . | . . . Piercing Weapon . | . . . Special Melee Weapon . | . . . Unidentified Prototypes . | . . . Parts Lost 11 | . 1 10 Power 1 | . . 1 Propulsion 3 | . . 3 Utility 2 | . 1 1 Weapon 5 | . . 5 Highest Loss Streak 8 | . 1 8 Average Slot Usage (%) 97 | . 98 90 Engine 13 | . 14 12 Treads 27 | . 28 25 Device 13 | . 13 12 Storage 14 | . 14 14 Energy Gun 23 | . 27 10 Ballistic Gun 2 | . . 10 Naked Turns . | . . . Heaviest Build 27 | 11 26 27 Greatest Support 40 | 40 40 40 Greatest Overweight (x) 5 | . . 5 Average Overweight (x) . | . . . Largest Inventory Capacity 10 | 6 10 10 Average Capacity 8 | 5 9 10 Most Carried 10 | 5 10 10 Average Carried 8 | 2 8 8 Final Capacity 10 | 6 10 10 Final Carried 10 | 5 10 5 Class Distribution -------------------- 100% | Mutant Dominant Class ---------------- Mutant | -10/Materials Mutant | -10/Mines Resources | -11 -10 -10 ----------- Run | Scr Mat Min Matter Collected 751 | 255 396 100 Remotely . | . . . Salvage Created 564 | 71 362 131 Parts 34 | 10 14 10 Haulers Intercepted 2 | . 2 . Recyclers Shooed 1 | 1 . . Parts Field Recycled . | . . . Retrieved Matter . | . . . Parts Self-Destructed . | . . . Prevented . | . . . Kills | -11 -10 -10 ------- Run | Scr Mat Min Combat Hostiles Destroyed 22 | . 7 15 Guns 9 | . 6 3 AOE 12 | . . 12 Classes Destroyed 6 | 2 3 1 Worker 1 | 1 . . Tunneler 2 | 2 . . Hauler 2 | . 2 . Swarmer 6 | . 3 3 Grunt 7 | . 4 3 Assembled 9 | . . 9 Best Kill Streak 7 | 2 3 7 Combat Bots Only 7 | . 3 7 Max Kills in Single Turn 3 | 1 1 3 Gunslinging . | . . . Exploded 3 | . . 3 Melee . | . . . Uniques/NPCs Destroyed . | . . . Combat | -11 -10 -10 -------- Run | Scr Mat Min Damage Taken 1357 | . 245 1112 Core 259 | . 35 224 Absorbed by Shields . | . . . Core Remaining (%) 100 | 100 . . Volleys Fired 55 | 5 30 20 Largest 2 | 2 2 2 Hottest 100 | 90 100 100 Shots Fired 105 | 10 60 35 Gun 92 | 10 60 22 Cannon . | . . . Launcher 13 | . . 13 Special . | . . . Kinetic 10 | . . 10 Thermal 82 | 10 60 12 Explosive 13 | . . 13 Electromagnetic . | . . . Robot Hit Streak 27 | 4 19 27 Robot Miss Streak 2 | 1 2 2 Penetration Max . | . . . Secondary Targets 2 | . 1 1 Max Gunslinging Chain 1 | . 1 1 Shots Hit Robots 87 | 7 51 29 Core Hits 65 | 3 17 45 Critical Hits 2 | . . 2 Critical Kills . | . . . Critical Parts Destroyed 2 | . . 2 Melee Attacks . | . . . Impact . | . . . Slashing . | . . . Piercing . | . . . Sneak Attacks . | . . . Combat Hostiles . | . . . Follow-up Attacks . | . . . Damage Inflicted 1911 | 79 612 1220 Guns 920 | 79 612 229 Cannons . | . . . Explosions 991 | . . 991 Melee . | . . . Ramming . | . . . Kinetic 93 | . . 93 Thermal 827 | 79 612 136 Explosive 991 | . . 991 Electromagnetic . | . . . Impact . | . . . Slashing . | . . . Piercing . | . . . Highest Corruption 9 | . . 9 Average Corruption 7 | . . 7 Corruption Purged . | . . . Effects 1 | . . 1 Parts Rejected 1 | . . 1 Overload Shots . | . . . Overflow Damage 7 | . . 7 Projectiles . | . . . Explosions 7 | . . 7 Melee . | . . . Knockbacks . | . . . Impact . | . . . Kinetic . | . . . Secondary . | . . . Self-Inflicted Damage 191 | . . 191 Shots 8 | . . 8 Rammed . | . . . Targets Rammed . | . . . Kicked . | . . . Crushed . | . . . Highest Temperature 369 | 60 369 14 Average Temperature 77 | 21 92 9 Received Heat Transfer 234 | . 135 99 Siege Activations . | . . . Robots Corrupted . | . . . Combat Hostiles . | . . . Parts Fried . | . . . Impact Corruptions . | . . . Robots Melted 1 | . 1 . Combat Hostiles 1 | . 1 . Parts Melted 6 | . 6 . Heat Transferred 2312 | 211 1694 407 Parts Sabotaged . | . . . Parts Stolen . | . . . Parts Stripped . | . . . Power Chain Reactions . | . . . Missiles Intercepted . | . . . Alert | -11 -10 -10 ------- Run | Scr Mat Min Peak Influence 192 | 15 192 186 Initial 8 | . 8 2 Average 87 | 4 84 135 Maximum Alert Level . | . . . Low Security (%) 100 | 100 100 100 Level 1 . | . . . Level 2 . | . . . Level 3 . | . . . Level 4 . | . . . Level 5 . | . . . High Security . | . . . Max Security . | . . . Squads Dispatched . | . . . Investigation . | . . . Extermination . | . . . Reinforcement . | . . . Assault . | . . . Garrison . | . . . Intercept . | . . . Construction Impeded . | . . . Haulers Reinforced . | . . . Stealth | -11 -10 -10 --------- Run | Scr Mat Min Distress Signals . | . . . Communications Jammed . | . . . Distress Signals . | . . . Times Spotted 38 | . 11 27 Peak Tracking Total 9 | . 4 9 Tactical Retreats 2 | . 1 1 Traps | -11 -10 -10 ------- Run | Scr Mat Min Traps Triggered 2 | . 2 . Indirectly . | . . . Trap Hack Attempts . | . . . Triggered . | . . . Disarmed . | . . . Reprogrammed . | . . . Reused . | . . . Traps Extracted . | . . . Installed . | . . . Triggered . | . . . Machines | -11 -10 -10 ---------- Run | Scr Mat Min Machines Disabled 1 | . . 1 Max in Single Turn 1 | . . 1 Machines Sabotaged . | . . . Garrisons Compromised . | . . . Overloaded Fab Kills . | . . . Fab Network Shutdowns . | . . . Hacking | -11 -10 -10 --------- Run | Scr Mat Min Machines Accessed 7 | . 7 . Terminals 6 | . 6 . Fabricators . | . . . Repair Stations 1 | . 1 . Recycling Units . | . . . Scanalyzers . | . . . Garrison Access . | . . . Total Hacks 21 | . 21 . Successful 10 | . 10 . Failed 11 | . 11 . Catastrophic . | . . . Database Lockouts . | . . . Manual 17 | . 17 . Terminals 19 | . 19 . Fabricators . | . . . Repair Stations 2 | . 2 . Recycling Units . | . . . Scanalyzers . | . . . Garrison Access . | . . . Terminal Hacks 6 | . 6 . Part Schematic 3 | . 3 . Terminal Index 1 | . 1 . Unreport Threat 1 | . 1 . Locate Traps 1 | . 1 . Fabricator Hacks . | . . . Repair Station Hacks 2 | . 2 . Scan Component 1 | . 1 . Repair 1 | . 1 . Recycling Unit Hacks . | . . . Scanalyzer . | . . . Garrison Access Hacks . | . . . Unauthorized Hacks 2 | . 2 . Terminals 2 | . 2 . Botnet 2 | . 2 . Fabricators . | . . . Repair Stations . | . . . Recycling Units . | . . . Scanalyzers . | . . . Garrison Access . | . . . Data Cores Recovered . | . . . Used . | . . . Hacking Detections 6 | . 6 . Full Trace Events 1 | . 1 . Feedback Events . | . . . Feedback Blocked . | . . . Robot Schematics Acquired . | . . . Robots Built . | . . . Matter . | . . . Time . | . . . Total Robot Build Rating . | . . . Part Schematics Acquired 3 | . 3 . Parts Built . | . . . Matter . | . . . Time . | . . . Total Part Build Rating . | . . . Parts Repaired 1 | . 1 . Time 26 | . 26 . Parts Recycled . | . . . Recycled Matter . | . . . Retrieved Matter . | . . . Retrieved Components . | . . . Parts Scanalyzed . | . . . Part Schematics Acquired . | . . . Parts Damaged . | . . . Bothacking | -11 -10 -10 ------------ Run | Scr Mat Min Used RIF Installer . | . . . Robots Hacked . | . . . Non-combat . | . . . Combat . | . . . Robot Hacks Applied . | . . . Relay Couplers Released . | . . . Robots Rewired . | . . . Allies Hacked . | . . . Hacks Repelled . | . . . Allies | -11 -10 -10 -------- Run | Scr Mat Min Total Allies . | . . . Largest Group . | . . . Highest-Rated Group . | . . . Highest-Rated Ally . | . . . Total Orders . | . . . Ally Attacks . | . . . Total Damage . | . . . Kills . | . . . Allies Corrupted . | . . . Allies Melted . | . . . Intel | -11 -10 -10 ------- Run | Scr Mat Min Robot Analysis Total . | . . . Derelict Logs Recovered 1 | . . 1 Drone Launches . | . . . Drone Recoveries . | . . . Exploration | -11 -10 -10 ------------- Run | Scr Mat Min Turns Passed 1237 | 111 869 257 Spaces Moved 601 | 54 431 116 Core 7 | 4 . 3 Treads 594 | 50 431 113 Legs . | . . . Wheels . | . . . Hover . | . . . Flight . | . . . Fastest Speed 50 | 50 160 160 Average Speed 160 | 151 160 163 Slowest Speed 300 | 160 160 300 Overloaded Moves . | . . . Propulsion Burnouts . | . . . Robots Hopped . | . . . Cave-ins Triggered . | . . . Exploration Rate (%) 38 | 5 67 43 Regions Visited 2 Branch Regions 1 Pre-discovered Areas . | . . . Known Exits Taken . | . . . Unknown Exits Taken 2 | 1 1 . Scrap Searched . | . . . Spaces Dug . | . . . Terrain Destroyed 32 | . . 32 Melee . | . . . Projectile . | . . . AOE 32 | . . 32 Terrain Rammed . | . . . Walls Destroyed . | . . . Machines Disabled . | . . . Actions | -11 -10 -10 --------- Run | Scr Mat Min Total 771 | 70 554 147 Wait 64 | . 64 . Move 599 | 53 430 116 Hop . | . . . Pick Up 16 | 5 11 . Fast Attach 10 | 7 3 . Attach 5 | . . 5 Detach . | . . . Swap 10 | . 5 5 Drop 12 | . 11 1 Fire 55 | 5 30 20 Melee . | . . . Ram . | . . . Kick . | . . . Crush . | . . . Escape Stasis . | . . . Rewire . | . . . Trap . | . . . Miscellaneous . | . . . Route ------- -11/Scrapyard -10/Materials (discovered 3 exits: [*Mat x2] / [*Min]) -10/Mines (discovered 1 exit: [*Mat]) History --------- Turn | Location | Event 13 | -11/Scrapyard | Discovered new exit (range 16) 112 | -11/Scrapyard | Entered Materials 310 | -10/Materials | Build established: Mutant 326 | -10/Materials | Discovered new exit (range 3) 412 | -10/Materials | Repaired Med. Laser 516 | -10/Materials | Discovered new exit (range 16) 624 | -10/Materials | Discovered new exit (range 16) 981 | -10/Materials | Entered Mines 1002 | -10/Mines | Discovered new exit (range 11) 1165 | -10/Mines | Assembled infested the area 1207 | -10/Mines | Destroyed 7 combat bots 1207 | -10/Mines | Learned 2 Materials zone layouts 1227 | -10/Mines | Core integrity fell below 50% 1237 | -10/Mines | Core integrity fell below 20% 1238 | -10/Mines | Destroyed by D-53 Grenadier with Mini Grenade Launcher Last Messages --------------- 01203_ Ion Engine destroyed. 01203_ System corrupted by crushing effect (+2). 01207_ Acquired derelict log, extracted data. Data stored: Materials zone layouts (x2). 01210_ as-38078 destroyed. 01211_ Grenade Launcher destroyed. 01211_ Lgt. Treads destroyed. 01211_ Imp. Heat Sink destroyed. 01211_ System corrupted by crushing effect (+4). 01211_ System corrupted by crushing effect (+3). 01214_ as-82119 destroyed. 01214_ Switching to secondary target: as-06642. 01215_ System corrupted: Assault Rifle rejected. 01216_ The unstable cave ceiling collapses. 01216_ as-06642 destroyed. 01220_ The unstable cave ceiling collapses. 01226_ Assault Rifle destroyed. 01228_ The unstable cave ceiling collapses. 01232_ Lgt. Treads destroyed. 01235_ The unstable cave ceiling collapses. Map ----- +----------------------------------------------------+ | ???????????????????????????????? | | ???????????????????????????????? | | ???????????????????????????????? | | ???????????????????????????????? | | ???????????????????????????????? | | ???????????????????????????????? | | ???????????????????????????????? | | ???????????????????????????????? | | ???????????????????????????????? | | ???????????????????????????????? | | ???????????????????????????????? | | ??????????????????? ?????????? | | ??????????????????? %=????????? | | ?????????????????## % #????????? | | ????????????????? #???????? | | ????????????????# = ##??????? | | ???????????##### ??????? | | ??????????? ??????? | | ??????????? ???????? | | ???####???? ???????? | | ??## #?##? ????????? | | ??# # ## < ?????????? | | ?## # ?????????? | | ## #?# #########?? | | # #??## ## ##? | | # @ ##???# #? | | ?# ###### ## | | # # # | | # d | | ## d | | ?## | | ??### ## # | | ????# # # ###### | | ????## # ##????? | | ?????## ### #?????? | | ??????## #?## #????? | | ???????### #??# #????? | | ?????????# #?# #???? | | ?????????# $#? #??? | | ?????????# ## #??? | | ?????????## #### #???? | | ??????????######??# ##???? | | ??????????????????# ##????? | | ???????????????????? ??????? | | ???????????????????????????????? | | ???????????????????????????????? | | ???????????????????????????????? | | ???????????????????????????????? | | ???????????????????????????????? | | ???????????????????????????????? | +----------------------------------------------------+ Best States ------------- Heat Dissipation 39 Energy Generation 10 Energy Capacity 250 Matter Stores 300 Matter Capacity 300 Sight Range 16 Terrain Scan Range 16 Terrain Scan Density 10 Resistance: KI 20 Resistance: TH 20 Resistance: EX 20 Resistance: EM 20 Resistance: I 20 Resistance: S 20 Resistance: P 20 Evasion (%) 40 Recoil Reduction 2 Offensive Hacking 10 Item Schematics ----------------- Hcp. Storage Unit | -10/Materials | Hacked Lrg. Storage Unit | -10/Materials | Hacked Grenade Launcher | -10/Materials | Hacked Robot Schematics ------------------ None Fabricated ------------ Nothing Alien Tech Used ----------------- None Achievements -------------- None Challenges ------------ None Game ------ Seed GodBackupFacilitator Manual? 0 Play Time 00:13:30 Cumulative 135.6 hours Start 2020.12.12 @ 08:36:36 End 2020.12.12 @ 08:47:35 Sessions 1 Manual Loads 0 Difficulty Adventurer Special Mode None Game No. 111 Rogue 31 Adventurer 42 Explorer 38 Win Type - Total 6 Types 6/0/0/0/0/0/0/0/0 Lore% 55 Gallery% 71 Achievement% 57 Wizard Run 0 Options --------- ASCII 0 Keyboard 0 Movement Mouse Keybinds 0 Fullscreen 2 Font 18/TerminusBold Map View 76x50 Tactical HUD 1 Map Filters NONE Filters NONE Steam 1 RUN: 39cd7c9b-8786-4fe6-ac78-3b4a2d6bb09a